 Dungeon Crawl Stone Soup version 0.21.1-1-g345015fe64 (webtiles) character file.

2097 Htamos the Cleaver (level 9, -1/69 HPs)
             Began as a Minotaur Gladiator on July 10, 2018.
             Slain by MasterOak's ghost (20 damage)
             ... on level 6 of the Dungeon.
             The game lasted 00:14:10 (6753 turns).

Htamos the Cleaver (Minotaur Gladiator)             Turns: 6753, Time: 00:14:11

Health: -1/69      AC: 11    Str: 24    XL:     9   Next: 7%
Magic:  17/17      EV: 10    Int:  5    God:
Gold:   238        SH:  0    Dex: 15    Spells: 8/8 levels left

rFire    . . .     SeeInvis .   t - +0 dagger (elec)
rCold    . . .     Gourm    .   (no shield)
rNeg     + . .     Faith    .   r - +0 chain mail
rPois    .         Spirit   .   c - +0 hat
rElec    .         Reflect  .   (no cloak)
rCorr    .         Harm     .   A - +1 pair of gloves
MR       .....                  (no boots)
Stlth    ..........             p - amulet of magic regeneration
HPRegen  0.21/turn              J - ring of magical power
MPRegen  0.40/turn              x - ring of positive energy

@: mighty
A: retaliatory headbutt, horns 2
a: no special abilities


You were on level 6 of the Dungeon.
You were near starving.

You visited 1 branch of the dungeon, and saw 6 of its levels.

You collected 238 gold pieces.

Inventory:

Hand Weapons
 a - a +0 war axe
 t - a +0 dagger of electrocution (weapon)
 I - a +0 war axe
Missiles
 d - 3 throwing nets (quivered)
 i - 234 stones
Armour
 b - a +0 leather armour
 c - a +0 hat (worn)
 r - a +0 chain mail (worn)
 A - a +1 pair of gloves (worn)
Jewellery
 j - an uncursed amulet of rage
 l - an uncursed ring of wizardry
 p - an amulet of magic regeneration (around neck)
 x - a ring of positive energy (right hand)
 J - a ring of magical power (left hand)
Wands
 y - a wand of enslavement (5)
 C - a wand of disintegration (14)
 H - a wand of flame (26)
Scrolls
 e - 6 scrolls of teleportation
 k - a scroll of magic mapping
 q - a scroll of amnesia
 z - 3 scrolls of remove curse
 D - a scroll of random uselessness {unknown}
Potions
 g - 3 potions of brilliance
 h - a potion of lignification {unknown}
 m - 4 potions of might
 n - 3 potions of flight
 o - a potion of ambrosia
 u - a potion of cancellation
 w - a potion of haste
 B - a potion of resistance
Comestibles
 f - 9 rations


   Skills:
 + Level 3.0 Fighting
 + Level 13.6 Axes
 - Level 2.0 Throwing
 + Level 2.9 Armour
 + Level 3.4 Dodging


You had 8 spell levels left.
You didn't know any spells.

Dungeon Overview and Level Annotations

Branches:
Dungeon (6/15)
 Temple: D:4-7

Altars:
Cheibriados
Fedhas
Trog
Uskayaw

Annotations:
D:6 MasterOak's ghost, novice HOFi


Innate Abilities, Weirdness & Mutations

You reflexively headbutt those who attack you in melee.
You have a pair of horns on your head.


Message History

MasterOak's ghost hits you but does no damage.
You are electrocuted!
* * * LOW HITPOINT WARNING * * *
You feel very mighty all of a sudden. MasterOak's ghost closely misses you.
You furiously retaliate!
You headbutt MasterOak's ghost, but do no damage.
Okay, then.
Your chain mail prevents you from hitting MasterOak's ghost.
You headbutt MasterOak's ghost, but do no damage.
MasterOak's ghost is moderately damaged.
MasterOak's ghost hits you but does no damage.
You puncture MasterOak's ghost!
Lightning courses through MasterOak's ghost!
MasterOak's ghost is severely damaged.
MasterOak's ghost hits you but does no damage.
You hit MasterOak's ghost. You headbutt MasterOak's ghost!
MasterOak's ghost is severely damaged.
MasterOak's ghost hits you but does no damage.
You are electrocuted!
You die...

...##.......#
#..########....
.... .## .....
########.### #
#..#.. ..........#
#.#.. .:.......#
#........#
#W##>....#
#@##.....# ##
#####...(...# #..
#.........##.###.#
#.####...........#
## ##
#..#.##.##..# .#..
#..#.##.##..# .#.#
#.....#.##..#
##.#.#
#...#.......##
#....#
#.....#......#


You could see MasterOak's ghost.

Vanquished Creatures
  The ghost of letownia the Insei, a novice DsFi (D:5)
  Sigmund (D:2)
  2 sky beasts (D:6)
  An ice beast (D:6)
  An orc warrior (D:6)
  A phantom (D:4)
  An ogre (D:5)
  A scorpion (D:4)
  A water moccasin skeleton (D:5)
  A howler monkey (D:5)
  4 hounds
  2 bullfrog skeletons
  A jelly (D:6)
  5 orc priests
  6 orc wizards
  3 iguanas
  Ijyb (D:4)
  Natasha (thrice) (D:4)
  5 worker ants
  7 adders
  A shadow imp (D:5)
  2 adder skeletons (D:4)
  5 worms
  4 dart slugs
  11 leopard geckos
  14 orcs
  5 bats
  7 giant cockroaches
  6 goblins
  3 hobgoblins
  6 jackals
  A quokka (D:2)
  2 ball pythons (D:1)
  2 frilled lizards
  A jackal skeleton (D:4)
  7 kobolds
  5 rats
130 creatures vanquished.

Vanquished Creatures (others)
  4 toadstools (D:1)
4 creatures vanquished.

Grand Total: 134 creatures vanquished

Notes
Turn   | Place    | Note
-------+----------+-------------------------------------------
     0 | D:1      | Htamos the Minotaur Gladiator began the quest for the Orb.
     0 | D:1      | Reached XP level 1. HP: 18/18 MP: 0/0
   125 | D:1      | Reached skill level 4 in Axes
   150 | D:1      | Reached XP level 2. HP: 18/25 MP: 1/1
   543 | D:1      | Reached skill level 5 in Axes
   622 | D:1      | You fall through a shaft!
   686 | D:2      | Reached XP level 3. HP: 29/30 MP: 2/2
   999 | D:2      | Reached skill level 6 in Axes
   999 | D:2      | Reached XP level 4. HP: 28/37 MP: 3/3
  1052 | D:2      | Noticed Sigmund
  1059 | D:2      | Killed Sigmund
  1059 | D:2      | Reached skill level 7 in Axes
  1059 | D:2      | Reached XP level 5. HP: 24/42 MP: 4/4
  1543 | D:2      | Reached skill level 8 in Axes
  1565 | D:3      | Reached XP level 6. HP: 30/50 MP: 5/5
  2296 | D:3      | Reached skill level 9 in Axes
  2644 | D:4      | Noticed Natasha
  2662 | D:4      | Killed Natasha
  3140 | D:4      | Noticed Ijyb
  3173 | D:4      | Killed Ijyb
  3221 | D:4      | Reached XP level 7. HP: 56/56 MP: 6/6
  3276 | D:4      | Reached skill level 10 in Axes
  3311 | D:4      | Noticed Natasha
  3321 | D:4      | Killed Natasha
  3365 | D:4      | Noticed Natasha
  3367 | D:4      | Killed Natasha
  3583 | D:5      | Entered Level 5 of the Dungeon
  3754 | D:5      | Reached skill level 11 in Axes
  3970 | D:4      | Found a hide-covered altar of Uskayaw.
  4065 | D:4      | Reached XP level 8. HP: 62/62 MP: 7/7
  4067 | D:4      | Found a snail-covered altar of Cheibriados.
  4539 | D:5      | Reached skill level 12 in Axes
  4729 | D:5      | Noticed letownia's ghost (novice DsFi)
  4742 | D:5      | Killed letownia's ghost
  4742 | D:5      | Reached skill level 13 in Axes
  5381 | D:6      | Found a blossoming altar of Fedhas.
  5607 | D:6      | Reached skill level 1 in Armour
  5776 | D:6      | Found a bloodstained altar of Trog.
  6295 | D:6      | Reached XP level 9. HP: 11/68 MP: 8/8
  6736 | D:6      | Noticed MasterOak's ghost (novice HOFi)
  6753 | D:6      | Slain by MasterOak's ghost

Skill      XL: |  1  2  3  4  5  6  7  8  9 |
---------------+----------------------------+-----
Axes           | 4 5 6 7 8 9 11 13 | 13.6
Armour         | 2 |  2.9
Fighting       | 3 |  3.0
Throwing       | |  2.0
Dodging        | |  3.4

Action                   |  1- 3 |  4- 6 |  7- 9 || total
-------------------------+-------+-------+-------++-------
Melee: War axe           |    69 |    22 |       ||    91
       Headbutt          |    11 |    25 |    52 ||    88
       Dagger            |       |   126 |   273 ||   399
  Use: Potion            |       |       |     3 ||     3
       Scroll            |       |       |    15 ||    15
 Stab: Distracted        |     1 |       |       ||     1
  Eat: Chunk             |       |     7 |    10 ||    17
Armor: Leather armour    |    22 |       |       ||    22
       Chain mail        |       |    83 |   142 ||   225
Dodge: Dodged            |    55 |    49 |    93 ||   197
